 Dungeon Crawl Stone Soup version 0.26-a0-810-ge1a9524b62 (webtiles) character file.

Game seed: 2761969873195680627

226 LufLufFighter the Grave Robber (level 5, -2/41 HPs)
             Began as a Demonspawn Necromancer on Nov 12, 2020.
             Slain by a gnoll (5 damage)
             ... on level 4 of the Dungeon.
             The game lasted 00:10:02 (4940 turns).

LufLufFighter the Grave Robber (DsNe)               Turns: 4940, Time: 00:10:03

Health: -2/41      AC:  6    Str: 10    XL:     5   Next: 69%
Magic:  1/10       EV: 12    Int: 16    God:
Gold:   189        SH:  0    Dex: 13    Spells: 2/11 levels left

rFire    + . .     SeeInvis .   (no weapon)
rCold    . . .     Faith    .   (no shield)
rNeg     + . .     Spirit   .   a - +0 robe
rPois    .         Reflect  .   g - +1 helmet
rElec    .         Harm     .   j - +1 cloak
rCorr    .         Rampage  .   (no gloves)
MR       .....                  (no boots)
Stlth    ++........             b - amulet of the acrobat
HPRegen  0.13/turn              f - ring of flight
MPRegen  0.12/turn              h - ring of positive energy

@: lethally poisoned (-2 -> -12), about to teleport, attractive
A: fire resistance 1
a: Evoke Flight


You were on level 4 of the Dungeon.
You visited 1 branch of the dungeon, and saw 4 of its levels.

You collected 189 gold pieces.

Inventory:

Armour
 a - a +0 robe (worn)
 g - a +1 helmet (worn)
 j - a +1 cloak (worn)
Jewellery
 b - an amulet of the acrobat (around neck)
 f - a ring of flight (left hand)
 h - a ring of positive energy (right hand)
Scrolls
 i - 2 scrolls of amnesia {unknown}
Potions
 e - a potion of ambrosia


   Skills:
 * Level 3.0 Fighting
 - Level 1.7 Dodging
 - Level 1.7 Stealth
 * Level 3.5 Spellcasting
 * Level 5.7 Necromancy


You had 2 spell levels left.
You knew the following spells:

 Your Spells              Type           Power        Failure   Level
a - Pain                  Necr           ###.         1%          1
b - Animate Skeleton      Necr           ###...       1%          1
c - Vampiric Draining     Necr           ###.......   4%          3
d - Animate Dead          Necr           ###.......   17%         4

Your spell library contained the following spells:

 Spells                   Type           Power        Failure   Level
 Agony                    Necr           ###.....     43%         5


Dungeon Overview and Level Annotations

Branches:
Dungeon (4/15)
 Temple: D:4-7

Altars:


Innate Abilities, Weirdness & Mutations

Your flesh is heat resistant. (rF+)


Message History

The gnoll is pulled toward you! The worker ant is pulled toward you!
* * * LOW HITPOINT WARNING * * *
You feel sick. The gnoll is pulled toward you! x2
* * * LOW HITPOINT WARNING * * *
You feel sick. The gnoll closely misses you. The gnoll misses you.
Found a stone staircase leading down.
As you read the scroll of teleportation, it crumbles to dust.
You feel strangely unstable.
* * * LOW HITPOINT WARNING * * *
You feel sick.
The worker ant waves its antennae.
The gnoll hits you but does no damage. The gnoll misses you.
The gnoll is pulled toward you!
* * * LOW HITPOINT WARNING * * *
You feel sick.
You closely miss the gnoll.
* * * LOW HITPOINT WARNING * * *
You feel sick. The gnoll hits you but does no damage. The gnoll hits you.
You die...

......#...#
###....#####..#
......... ###..# ##..
......... #.## ##.
....###.. #.# ## #####
## # ##.# ###. # ##8#
### #.## #... ##
8...8##.#####.# #.....
.####
...(.##ggB##..##.....##.
...#8
.....>#@#.........### #.
#..##.
.....####B####...## #..
#..##8 8...8###..# ..##
.... #..# ##8# #...##
#... .... #..#########
###....# .... ..
#..........###...#...#
.....
........g...##..###.....
.... .........#..#..##
...... ........###...##
......


You could see a worker ant and 2 gnolls.

Vanquished Creatures
  2 worker ants
  2 gnolls (D:4)
  6 adders
  An ooze (D:3)
  An adder skeleton (D:4)
  3 worms
  3 dart slugs (D:2)
  4 leopard geckos
  An orc (D:3)
  10 giant cockroaches
  7 goblins
  6 hobgoblins
  3 jackals (D:3)
  A quokka (D:3)
  7 bats
  2 frilled lizards (D:1)
  11 kobolds
  8 rats
78 creatures vanquished.

Vanquished Creatures (others)
  17 plants (D:2)
17 creatures vanquished.

Grand Total: 95 creatures vanquished

Notes
Turn   | Place    | Note
-------+----------+-------------------------------------------
     0 | D:1      | LufLufFighter the Demonspawn Necromancer began the quest
                  | for the Orb.
     0 | D:1      | Reached XP level 1. HP: 13/13 MP: 3/3
    21 | D:1      | You fall into a shaft and drop 1 floor!
    50 | D:2      | Learned a level 1 spell: Animate Skeleton
   514 | D:2      | Reached skill level 1 in Fighting
   514 | D:2      | Gained mutation: Your flesh is heat resistant. (rF+)
                  | [demonic ancestry]
   514 | D:2      | Reached XP level 2. HP: 18/21 MP: 0/5
  1135 | D:2      | Reached XP level 3. HP: 26/26 MP: 4/6
  1145 | D:2      | Learned a level 3 spell: Vampiric Draining
  1686 | D:2      | Reached skill level 5 in Necromancy
  1965 | D:1      | Reached XP level 4. HP: 31/33 MP: 4/8
  2379 | D:1      | You fall into a shaft and drop 1 floor!
  3133 | D:3      | Reached XP level 5. HP: 36/39 MP: 4/9
  3934 | D:3      | Learned a level 4 spell: Animate Dead
  4163 | D:3      | Found a faded altar of an unknown god.
  4940 | D:4      | Slain by a gnoll

Illustrated notes

Levels and vault maps discovered:
D:1:      dpeg_arrival_rhombus, layout_loops_cross
D:2:      layout_rooms, lexackson_kobold_supper
D:3:      layout_basic, gup_sewer_entry_glass,
          chequers_ecumenical_altar_simple_redux, serial_park_tiny_pond,
          st_stairs_11, minmay_misc_feat_tower, grunt_decor_clamped
D:4:      layout_layer_cave, nicolae_overflow_hidden_temple,
          kennysheep_minor_cross

Skill      XL: |  1  2  3  4  5 |
---------------+----------------+-----
Fighting       | 1 2 3 |  3.0
Necromancy     | 5 |  5.7
Spellcasting   | 3 |  3.5
Dodging        | |  1.7
Stealth        | |  1.7

Action                   |  1- 3 |  4- 6 || total
-------------------------+-------+-------++-------
Melee: Unarmed           |    31 |   100 ||   131
 Cast: Pain              |    52 |    76 ||   128
       Vampiric Draining |     2 |    12 ||    14
  Use: Potion            |     1 |     5 ||     6
       Scroll            |       |     5 ||     5
Armor: Robe              |     9 |    85 ||    94
Dodge: Dodged            |    33 |   146 ||   179

Table legend: (Time is in decaauts)
 A = Elapsed time spent in this place.
 B = Non-inter-level travel time spent in this place.
 C = Inter-level travel time spent in this place.
 D = Time resting spent in this place.
 E = Time spent auto-exploring this place.
 F = Levels seen in this place.
 G = Mean time per level.
                   A        B        C        D        E       F      G
               +--------+--------+--------+--------+--------+-----+--------+
         Total |   4929 |   4774 |    155 |    757 |   3372 |   4 | 1232.2 |
       Dungeon |   4929 |   4774 |    155 |    757 |   3372 |   4 | 1232.2 |
               +--------+--------+--------+--------+--------+-----+--------+

Top non-repeatable levels by time:
     D:2: 2002 daAuts
     D:3: 1547 daAuts
     D:1: 991 daAuts
     D:4: 389 daAuts
